[Event "Paracin Open 2022"]
[Site "Paracin"]
[Date "2022.07.09"]
[Round "3.3"]
[White "Muthaiah AL"]
[Black "Makarian, Rudik"]
[Result "0-1"]
[ECO "A45"]
[WhiteElo "2401"]
[BlackElo "2533"]
[Annotator "TA"]
[PlyCount "96"]
[EventDate "2022.07.08"]
[EventCountry "SRB"]
[SourceTitle "playchess.com"]
[Source "ChessBase"]
[SourceQuality "1"]
[TimeControl "5400+30"]

1. d4 Nf6 2. Bf4 c5 3. e3 Qb6 4. Nc3 d6 5. Bb5+ Nbd7 6. a4 {[%emt 0:06:23][%cal Ba2a4,Ba4a5][%mdl 32] A45: Trompowsky Attack.} a6 7. a5 Qc7 8. Be2 {[%emt 0:00:14] White is slightly better.} g6 9. h3 Bg7 10. Nf3 O-O 11. O-O b5 12. axb6 $1 Nxb6 13. d5 {[%emt 0:07:41] [#]} Nh5 $146 ({Predecessor:} 13... Bb7 14. e4 Rfb8 15. Qd2 Nfd7 16. Ra2 c4 17. Re1 Nc5 18. Bf1 Rd8 19. Be3 e6 20. dxe6 fxe6 {0-1 (53) Semenov,V (1988)-Bedia,M (2428) Gelendzhik 2015}) 14. Bh2 $1 f5 15. Nd2 Bxc3 16. bxc3 Nxd5 17. Bc4 Be6 18. e4 fxe4 19. Nxe4 Ndf4 $1 20. Bxe6+ Nxe6 21. Qd5 Nhg7 22. Ng5 Qc8 {[%emt 0:00:55] Hoping for ...Rf5.} 23. g4 {[%emt 0:00:08] Inhibits Rf5. Rae1 is the strong threat.} h6 24. Nf3 Kh7 25. Nh4 Nf4 26. Bxf4 {[%emt 0:02:23][%mdl 64] Remove Defender} Rxf4 27. Rfe1 (27. Ng2 $15 Rf8 28. Ra4) 27... Ra7 ({And not} 27... Qe8 28. Ng2 Rf7 29. Ra5 $15 (29. Qe4 Ra7 $17)) 28. Qd3 {[%emt 0:05:24] [#]} Rf6 29. Re4 e5 {[%emt 0:05:38][%cal Be7e5,Be5e4][%mdl 32] Inhibits f4.} 30. Rea4 Qe6 31. Rxa6 {[%emt 0:00:32] [#]} e4 $1 32. Qg3 Rd7 (32... Raf7 $17 {Black wants to play ...Qc4.} 33. Rd1 g5) 33. Ra7 $1 $11 g5 34. Nf5 {[%emt 0:04:14] White is now going downhill.} (34. Ng2 $11) 34... Nxf5 $19 35. gxf5 Qxf5 36. Qg4 $2 (36. h4) 36... Qxf2+ 37. Kh1 Rxa7 38. Rxa7+ {[%emt 0:00:27][%mdl 4096] Endgame KQR-KQR} Kh8 39. Ra8+ Kg7 {[%emt 0:00:07] ( -> ...Qf1+)} 40. Ra7+ Rf7 41. Rxf7+ Qxf7 42. Qxe4 {[%emt 0:00:38] KQ-KQ} Qf1+ {[%emt 0:00:05] Black mates.} 43. Kh2 Qf4+ 44. Qxf4 gxf4 45. Kg2 Kf6 46. Kf3 Kf5 47. c4 Ke5 48. c3 Kf5 {[%emt 0:00:06] Weighted Error Value: White=0.79/Black=0.07 (flawless)} 0-1

[Event "Paracin Open 2022"]
[Site "Paracin"]
[Date "2022.07.09"]
[Round "3.4"]
[White "Pranav Vijay"]
[Black "Shahil Dey"]
[Result "1/2-1/2"]
[ECO "B28"]
[WhiteElo "2265"]
[BlackElo "2402"]
[Annotator "RC"]
[PlyCount "88"]
[EventDate "2022.07.08"]
[EventCountry "SRB"]
[SourceTitle "playchess.com"]
[Source "ChessBase"]
[SourceQuality "1"]
[TimeControl "5400+30"]

1. e4 c5 2. Nf3 a6 3. c3 Nf6 4. e5 Nd5 5. d4 cxd4 6. Qxd4 e6 7. Bc4 Nc6 8. Qe4 Nde7 9. O-O Ng6 10. Re1 Qc7 11. Bd3 d6 12. exd6 Bxd6 13. Nbd2 Nce5 14. Nxe5 Nxe5 15. Bc2 Bd7 16. Qh4 f5 17. Nf1 O-O 18. Bg5 h6 19. Be7 Bxe7 20. Qxe7 Ng6 21. Qa3 Nf4 22. Rad1 Bc6 23. f3 Rad8 24. c4 Rxd1 25. Rxd1 Rd8 26. Qe3 Rxd1 27. Bxd1 Qd6 28. Bc2 g5 29. Kf2 Kf7 30. a3 Kf6 31. b4 Qe5 32. Qd2 b5 33. Ne3 Ke7 34. Bd1 h5 35. c5 g4 36. Kf1 Nd5 37. Nxd5+ Bxd5 38. Kg1 Qa1 39. Kf2 Qxa3 40. Qg5+ Kd7 41. Qg7+ Kc6 42. Qh8 Kb7 43. Qg7+ Kc6 44. Qh8 Kb7 1/2-1/2

[Event "Paracin Open 2022"]
[Site "Paracin"]
[Date "2022.07.09"]
[Round "3.5"]
[White "Djordjevic, Vuk"]
[Black "Koustav Chatterjee"]
[Result "0-1"]
[ECO "D00"]
[WhiteElo "2382"]
[BlackElo "2485"]
[Annotator "RC"]
[PlyCount "54"]
[EventDate "2022.07.08"]
[EventCountry "SRB"]
[SourceTitle "playchess.com"]
[Source "ChessBase"]
[SourceQuality "1"]
[TimeControl "5400+30"]

1. d4 Nf6 2. Bg5 d5 3. Bxf6 gxf6 4. e3 c5 5. dxc5 Nc6 6. c4 d4 7. exd4 Qxd4 8. Nc3 Qxc5 9. Nd5 e6 10. Nc3 Bg7 11. Nf3 f5 12. Be2 O-O 13. O-O e5 14. Nd2 Rd8 15. Nd5 Be6 16. Nb3 Qf8 17. Qd2 a5 18. Rad1 a4 19. Na1 b5 20. b3 axb3 21. Nxb3 bxc4 22. Bxc4 Bxd5 23. Bxd5 Ne7 24. Bxf7+ Kxf7 25. Qe2 Kg8 26. Nc5 Qf7 27. a4 Nd5 0-1

[Event "Paracin Open 2022"]
[Site "Paracin"]
[Date "2022.07.09"]
[Round "3.6"]
[White "Erdogmus, Yagiz Kaan"]
[Black "Suleymenov, Alisher"]
[Result "1/2-1/2"]
[ECO "D24"]
[WhiteElo "2373"]
[BlackElo "2467"]
[Annotator "RC"]
[PlyCount "40"]
[EventDate "2022.07.08"]
[EventCountry "SRB"]
[SourceTitle "playchess.com"]
[Source "ChessBase"]
[SourceQuality "1"]
[TimeControl "5400+30"]

1. d4 d5 2. c4 dxc4 3. Nf3 Nf6 4. Nc3 a6 5. e4 b5 6. e5 Nd5 7. a4 e6 8. axb5 Bb4 9. Bd2 Nb6 10. bxa6 O-O 11. a7 Nc6 12. Nb5 Qd7 13. Be2 Bb7 14. O-O Bxd2 15. Qxd2 Ne7 16. Ra5 Bxf3 17. Bxf3 c6 18. Nd6 Rxa7 19. Rfa1 Rxa5 20. Qxa5 Nbc8 1/2-1/2

[Event "Paracin Open 2022"]
[Site "Paracin"]
[Date "2022.07.09"]
[Round "3.7"]
[White "Sharan, Rao"]
[Black "Agmanov, Zhandos"]
[Result "*"]
[ECO "D04"]
[WhiteElo "2342"]
[BlackElo "2459"]
[Annotator "RC"]
[PlyCount "52"]
[EventDate "2022.07.08"]
[EventCountry "SRB"]
[SourceTitle "playchess.com"]
[Source "ChessBase"]
[SourceQuality "1"]
[TimeControl "5400+30"]

1. Nf3 Nf6 2. b3 g6 3. Bb2 Bg7 4. e3 c5 5. Be2 O-O 6. O-O d5 7. d4 cxd4 8. Nxd4 Re8 9. c4 e5 10. Nf3 Nc6 11. cxd5 Nxd5 12. Na3 Bf5 13. Bc4 Nb6 14. Bb5 Qe7 15. Bxc6 bxc6 16. Qc1 Rac8 17. Re1 c5 18. e4 Bg4 19. Qc3 Bxf3 20. Qxf3 c4 21. Nxc4 Nxc4 22. bxc4 Rxc4 23. Rec1 Rec8 24. Qb3 Qe6 25. Rc2 Rc3 26. Rxc3 Qc4 *

[Event "Paracin Open 2022"]
[Site "Paracin"]
[Date "2022.07.09"]
[Round "3.8"]
[White "Sturt, Raven"]
[Black "Damjanovic, Vuk"]
[Result "1-0"]
[ECO "D37"]
[WhiteElo "2457"]
[BlackElo "2393"]
[Annotator "RC"]
[PlyCount "105"]
[EventDate "2022.07.08"]
[EventCountry "SRB"]
[SourceTitle "playchess.com"]
[Source "ChessBase"]
[SourceQuality "1"]
[TimeControl "5400+30"]

1. d4 Nf6 2. c4 e6 3. Nf3 d5 4. Nc3 a6 5. c5 b6 6. cxb6 c5 7. Bf4 Bd6 8. Bxd6 Qxd6 9. dxc5 Qxc5 10. Qd4 Qd6 11. e3 Nbd7 12. Na4 Bb7 13. Be2 e5 14. Qc3 Bc6 15. Qb3 Ke7 16. O-O Bxa4 17. Qxa4 Rhb8 18. b4 Ne4 19. Rac1 Rxb6 20. a3 a5 21. Rfd1 Rbb8 22. Qb3 Nef6 23. b5 Rc8 24. Qb2 a4 25. h3 Kf8 26. Rc6 Rxc6 27. bxc6 Qxc6 28. Nxe5 Nxe5 29. Qxe5 Qc5 30. Qb2 Qd6 31. Rb1 Rc8 32. Qb7 Qc7 33. Qb4+ Qe7 34. Qxa4 Ne4 35. Bg4 Rd8 36. Rb2 Kg8 37. Qb3 Qe5 38. Qb6 Ra8 39. Qc6 Rd8 40. Qb6 Ra8 41. Qb7 Rd8 42. a4 h5 43. Bf3 Ng5 44. Be2 d4 45. Rb5 Qf6 46. exd4 Rxd4 47. a5 Re4 48. Qb8+ Kh7 49. Bd3 Qa1+ 50. Kh2 Qf6 51. Rxg5 Qxg5 52. Bxe4+ g6 53. a6 1-0

[Event "Paracin Open 2022"]
[Site "Paracin"]
[Date "2022.07.09"]
[Round "3.9"]
[White "Rohith Krishna S"]
[Black "Neelash Saha"]
[Result "0-1"]
[ECO "A05"]
[WhiteElo "2326"]
[BlackElo "2446"]
[Annotator "RC"]
[PlyCount "208"]
[EventDate "2022.07.08"]
[EventCountry "SRB"]
[SourceTitle "playchess.com"]
[Source "ChessBase"]
[SourceQuality "1"]
[TimeControl "5400+30"]

1. Nf3 Nf6 2. g3 b5 3. Bg2 Bb7 4. O-O e6 5. d3 d5 6. c4 dxc4 7. dxc4 Qxd1 8. Rxd1 b4 9. a3 Nbd7 10. axb4 Bxb4 11. Na3 a6 12. Nc2 Be7 13. Nfd4 O-O-O 14. Nb3 Bxg2 15. Kxg2 Ne5 16. Rxd8+ Rxd8 17. c5 Nfd7 18. f4 Nc6 19. Be3 Kb7 20. Na3 Nb4 21. Na5+ Kc8 22. Bd2 Nd5 23. Nc6 Re8 24. b4 Bf6 25. Ra2 Ne7 26. Nxe7+ Rxe7 27. e4 Re8 28. e5 Be7 29. Nc2 Nb8 30. Nd4 Rd8 31. Bc3 Kb7 32. Kf2 a5 33. Ra4 axb4 34. Rxb4+ Kc8 35. Rc4 Rd5 36. Nb3 Nc6 37. Ke3 Kb7 38. Ke4 Ka6 39. Nd4 Nxd4 40. Bxd4 Kb5 41. Rc1 Kc6 42. Ra1 h5 43. Ra6+ Kb5 44. Ra8 Rd8 45. Ra2 g6 46. h3 Bxc5 47. Bxc5 Kxc5 48. Rc2+ Kb6 49. Rb2+ Kc6 50. Rc2+ Kd7 51. g4 hxg4 52. hxg4 Ra8 53. Rd2+ Ke7 54. Rc2 Ra4+ 55. Ke3 Kd7 56. Rd2+ Kc8 57. Rf2 c6 58. f5 Rxg4 59. fxe6 fxe6 60. Rf6 Kd7 61. Rf7+ Kd8 62. Rf8+ Ke7 63. Ra8 c5 64. Ra7+ Kd8 65. Kf3 Rg1 66. Ra6 Kd7 67. Rd6+ Ke7 68. Rc6 Rc1 69. Rc7+ Kd8 70. Rg7 Re1 71. Kf4 c4 72. Rxg6 Kd7 73. Rg7+ Kc6 74. Rg8 Rc1 75. Ke4 Rh1 76. Rg6 Rh4+ 77. Ke3 Kd5 78. Rg5 Re4+ 79. Kd2 Rxe5 80. Rg8 Kd4 81. Rg4+ Re4 82. Rg8 c3+ 83. Kd1 Kd3 84. Rd8+ Rd4 85. Re8 Rh4 86. Rd8+ Kc4 87. Rc8+ Kb3 88. Rb8+ Rb4 89. Rh8 Kb2 90. Rh2+ Kb1 91. Rh1 c2+ 92. Kd2+ Kb2 93. Re1 Rb6 94. Rh1 Rd6+ 95. Ke3 c1=Q+ 96. Rxc1 Kxc1 97. Ke4 Rd5 98. Kf3 Kd2 99. Kg2 e5 100. Kf3 Kd3 101. Kg2 e4 102. Kf2 e3+ 103. Ke1 Rf5 104. Kd1 Rf1# 0-1

[Event "Paracin Open 2022"]
[Site "Paracin"]
[Date "2022.07.09"]
[Round "3.10"]
[White "Nogerbek, Kazybek"]
[Black "Ohanyan, Emin"]
[Result "1-0"]
[ECO "A11"]
[WhiteElo "2437"]
[BlackElo "2354"]
[Annotator "RC"]
[PlyCount "97"]
[EventDate "2022.07.08"]
[EventCountry "SRB"]
[SourceTitle "playchess.com"]
[Source "ChessBase"]
[SourceQuality "1"]
[TimeControl "5400+30"]

1. Nf3 d5 2. e3 Nf6 3. c4 e6 4. Nc3 Nbd7 5. b3 c6 6. Bb2 e5 7. Be2 Bb4 8. a3 Bd6 9. d4 e4 10. Nd2 Nf8 11. b4 Ng6 12. Qb3 Be6 13. a4 O-O 14. b5 Qd7 15. a5 dxc4 16. Bxc4 Bxc4 17. Nxc4 Bc7 18. Nd2 Qg4 19. g3 Qf5 20. h3 h5 21. a6 Rab8 22. Qc2 cxb5 23. Ncxe4 Nxe4 24. Qxe4 Qd7 25. axb7 Rfe8 26. Qf3 Bb6 27. Nb3 Rxb7 28. Qxh5 Qc6 29. O-O Qc2 30. Qd5 Ree7 31. Rac1 Qxb2 32. Rc8+ Nf8 33. Nc5 Rbc7 34. Rb8 Bxc5 35. dxc5 g6 36. Qa8 Qg7 37. Rd1 Red7 38. Rd6 Rxd6 39. cxd6 Rd7 40. Qc6 Qa1+ 41. Kg2 Kg7 42. Rxf8 Kxf8 43. Qxd7 Qe5 44. Qc8+ Kg7 45. Qc6 Kf6 46. e4 b4 47. d7+ Ke7 48. Qc8 Qxe4+ 49. Kh2 1-0

[Event "Paracin Open 2022"]
[Site "Paracin"]
[Date "2022.07.09"]
[Round "3.11"]
[White "Srihari L R"]
[Black "Isik, Alparslan"]
[Result "1/2-1/2"]
[ECO "E06"]
[WhiteElo "2431"]
[BlackElo "2341"]
[Annotator "RC"]
[PlyCount "59"]
[EventDate "2022.07.08"]
[EventCountry "SRB"]
[SourceTitle "playchess.com"]
[Source "ChessBase"]
[SourceQuality "1"]
[TimeControl "5400+30"]

1. d4 Nf6 2. c4 e6 3. g3 d5 4. Bg2 Be7 5. Nf3 c6 6. O-O O-O 7. Nc3 b6 8. Ne5 Ba6 9. Re1 Bxc4 10. Nxc4 dxc4 11. e3 Nd5 12. a4 Bb4 13. Bd2 Nd7 14. Qe2 b5 15. axb5 Bxc3 16. bxc3 cxb5 17. e4 N5b6 18. e5 Nd5 19. Bxd5 exd5 20. e6 fxe6 21. Qxe6+ Kh8 22. Qxd5 a6 23. Bg5 Nf6 24. Qxd8 Rfxd8 25. Bxf6 gxf6 26. Ra5 Rd6 27. Re7 Rc8 28. Kf1 Rcc6 29. Rb7 Rb6 30. Ra7 1/2-1/2

[Event "Paracin Open 2022"]
[Site "Paracin"]
[Date "2022.07.09"]
[Round "3.12"]
[White "Kadam Om Manish"]
[Black "Samant Aditya S"]
[Result "0-1"]
[ECO "B70"]
[WhiteElo "2037"]
[BlackElo "2431"]
[Annotator "RC"]
[PlyCount "72"]
[EventDate "2022.07.08"]
[EventCountry "SRB"]
[SourceTitle "playchess.com"]
[Source "ChessBase"]
[SourceQuality "1"]
[TimeControl "5400+30"]

1. e4 c5 2. Nf3 d6 3. d4 cxd4 4. Nxd4 Nf6 5. Nc3 Nc6 6. g3 g6 7. Bg2 Nxd4 8. Qxd4 Bg7 9. O-O O-O 10. Qd3 Nd7 11. Nd5 Nc5 12. Qe2 e6 13. Nb4 Bd7 14. c4 Qa5 15. Nd3 Nb3 16. axb3 Qxa1 17. e5 dxe5 18. Bd2 Qa2 19. Bb4 Rfd8 20. Bxb7 Qxb3 21. Bxa8 Rxa8 22. Rc1 Bc6 23. Rc3 Qa2 24. Ne1 e4 25. Rc2 Rd8 26. Rd2 Rxd2 27. Qxd2 h5 28. Bc5 Qxc4 29. Bxa7 Bb5 30. h4 Qf1+ 31. Kh2 Be2 32. Qd8+ Kh7 33. Qa8 Qxe1 34. Qxe4 Qd1 35. Qh1 Bxb2 36. Qxd1 Bxd1 0-1

[Event "Paracin Open 2022"]
[Site "Paracin"]
[Date "2022.07.09"]
[Round "3.13"]
[White "Urazayev, Arystanbek"]
[Black "Arpita, Mukherjee"]
[Result "1-0"]
[ECO "B90"]
[WhiteElo "2430"]
[BlackElo "2281"]
[Annotator "RC"]
[PlyCount "69"]
[EventDate "2022.07.08"]
[EventCountry "SRB"]
[SourceTitle "playchess.com"]
[Source "ChessBase"]
[SourceQuality "1"]
[TimeControl "5400+30"]

1. e4 c5 2. Nf3 d6 3. d4 cxd4 4. Nxd4 Nf6 5. Nc3 a6 6. a3 g6 7. f3 Bg7 8. Be3 Nc6 9. Qd2 O-O 10. O-O-O d5 11. exd5 Nxd5 12. Nxc6 bxc6 13. Bd4 e5 14. Bc5 Be6 15. Ne4 Re8 16. h4 Qb8 17. g4 Nf6 18. g5 Nh5 19. Qc3 Bd5 20. Bc4 Nf4 21. Rhe1 Re6 22. Kb1 Qb7 23. Bf1 Rd8 24. Qb4 Qc8 25. Qb6 Ree8 26. Qxa6 Bxe4 27. fxe4 Rxd1+ 28. Rxd1 Qg4 29. Rd2 Qxh4 30. Qxc6 Qe1+ 31. Ka2 Rf8 32. Rf2 Ne6 33. Bc4 Nxc5 34. Rxf7 Qxe4 35. Rf4+ 1-0

[Event "Paracin Open 2022"]
[Site "Paracin"]
[Date "2022.07.09"]
[Round "3.14"]
[White "Petrov, Nikita"]
[Black "Ibadov, Dashgyn"]
[Result "1/2-1/2"]
[ECO "E07"]
[WhiteElo "2558"]
[BlackElo "2262"]
[Annotator "TA"]
[PlyCount "65"]
[EventDate "2022.07.08"]
[EventCountry "SRB"]
[SourceTitle "playchess.com"]
[Source "ChessBase"]
[SourceQuality "1"]
[TimeControl "5400+30"]

1. d4 d5 2. c4 e6 3. Nf3 c6 4. g3 Nf6 5. Bg2 Be7 6. O-O O-O 7. Nc3 Nbd7 8. Nd2 b5 {[%emt 0:18:39] E07: Closed Catalan: Main Line (5 Nf3 0-0 6 0-0 Nbd7).} 9. cxb5 cxb5 10. Nxb5 Qb6 11. a4 {[%emt 0:04:10] [#]} a6 $146 ({Predecessor:} 11... Ba6 12. e3 Bxb5 13. axb5 Qxb5 14. g4 Rfc8 15. g5 Ne8 16. h4 {½-½ (32) Kachiani Gersinska,K (2371)-Bojkovic,N (2420) Dresden 2008}) 12. Nc3 Qxd4 13. e4 Nc5 14. exd5 exd5 {[%emt 0:02:00] [#]} (14... Nxd5 $5 15. Nc4 Qxd1 16. Rxd1 Nb3 $11) 15. Nde4 $1 Qxd1 16. Nxf6+ Bxf6 17. Rxd1 ({Don't play} 17. Nxd1 Be6 18. Ra3 Rac8 $17) 17... Bg4 18. f3 Be6 {[%emt 0:01:46] [#] Strongly threatening ...Nb3.} 19. Nxd5 Bxd5 20. Rxd5 Nb3 21. Rb1 Nxc1 22. Rxc1 Bxb2 23. Rc6 a5 {[%emt 0:04:40] The position is equal.} 24. Rcc5 Rfc8 25. Rxc8+ Rxc8 26. Rxa5 $11 {[%emt 0:03:53][%mdl 4096] Endgame KRB-KRB} Bd4+ 27. Kf1 g6 28. Rd5 Rc1+ 29. Ke2 Bg1 30. Rd1 Rxd1 31. Kxd1 Bxh2 32. g4 $1 Bc7 33. Bf1 {[%emt 0:00:40] Weighted Error Value: White=0.06 (flawless) /Black=0.03 (flawless)} 1/2-1/2

[Event "Paracin Open 2022"]
[Site "Paracin"]
[Date "2022.07.09"]
[Round "3.15"]
[White "Taspinar, Yanki"]
[Black "Santiago, Yago De Moura"]
[Result "1-0"]
[ECO "D91"]
[WhiteElo "2311"]
[BlackElo "2513"]
[Annotator "TA"]
[PlyCount "39"]
[EventDate "2022.07.08"]
[EventCountry "SRB"]
[SourceTitle "playchess.com"]
[Source "ChessBase"]
[SourceQuality "1"]
[TimeControl "5400+30"]

1. d4 Nf6 2. c4 g6 3. Nc3 d5 4. Nf3 Bg7 5. Bg5 dxc4 6. e4 c5 7. d5 b5 8. d6 Bb7 $1 9. e5 {[%emt 0:17:33] D91: Grünfeld: 4 Nf3 Bg7 5 Bg5.} Ne4 10. Nxe4 Bxe4 11. a4 {[%emt 0:06:34][%cal Ba2a4,Ba4b5][%mdl 32] The position is equal.} Nc6 $2 {[%emt 0:11:59][%mdl 8192] [#]} (11... a6 $1 $11 {and Black stays safe.}) 12. axb5 $18 Bxf3 13. gxf3 Nxe5 {[%emt 0:01:56] [#]} (13... Nd4 14. Bxe7 (14. dxe7 Qd5 $15) 14... Qd7) 14. Bxe7 $146 ({Predecessor:} 14. f4 Nd3+ 15. Bxd3 cxd3 16. Bxe7 Qd7 17. Qxd3 Bxb2 18. Ra4 Bd4 19. Rxd4 cxd4 20. Qxd4 Qe6+ 21. Kd2 Qa2+ 22. Ke3 Qb3+ 23. Kd2 Qa2+ 24. Ke3 Qb3+ 25. Kd2 {½-½ (25) Dittmar,P (2303)-Zuse,P (2262) Bad Woerishofen 2014}) 14... Qd7 15. Qd5 Rd8 {[%emt 0:08:24] [#] And now ...Qxe7 would win.} 16. Bxc4 {[%emt 0:02:52] White is clearly winning.} ({Don't do} 16. Bxd8 Qxd8 17. f4 c3) 16... Nxc4 (16... Qxe7 $142 17. dxe7 Rxd5 18. Bxd5 Kxe7) 17. Qxc4 {[%emt 0:00:38] Strongly threatening 0-0.} Be5 18. Qe4 f6 19. Bxf6 O-O 20. Qd5+ {[%emt 0:01:25] Black got outplayed after the opening.  Weighted Error Value: White=0.08 (flawless) /Black=0.71} 1-0

[Event "Paracin Open 2022"]
[Site "Paracin"]
[Date "2022.07.09"]
[Round "3.16"]
[White "Vishwa Vasnawala"]
[Black "Gundavaa, Bayarsaikhan"]
[Result "1/2-1/2"]
[ECO "D12"]
[WhiteElo "2305"]
[BlackElo "2503"]
[Annotator "TA"]
[PlyCount "40"]
[EventDate "2022.07.08"]
[EventCountry "SRB"]
[SourceTitle "playchess.com"]
[Source "ChessBase"]
[SourceQuality "1"]
[TimeControl "5400+30"]

1. d4 Nf6 2. c4 c6 3. Nf3 d5 4. e3 Bf5 5. Nc3 e6 6. Nh4 Be4 7. f3 Bg6 8. Qb3 Qc7 9. Bd2 {[%emt 0:00:10] D12: Slav Defence: 3 Nf3 Nf6 4 e3 Bf5.} Be7 10. cxd5 cxd5 11. Nxg6 hxg6 12. O-O-O Nc6 13. Kb1 Rb8 {[%emt 0:07:29] [#]} 14. g4 $146 ({Predecessor:} 14. Be1 a6 15. e4 Qd7 16. Bg3 Rc8 17. exd5 exd5 18. Be5 O-O 19. Bxf6 Bxf6 20. Nxd5 Nxd4 21. Nxf6+ gxf6 {0-1 (48) Miron,L (2482)-Georgiev,V (2575) Bar 2010}) 14... a6 (14... Rxh2 $2 15. Nb5 Qg3 16. Be1 Qxe1 17. Rxh2 $18 (17. Rxe1 Rxh1 18. Nxa7 Rxf1 $16)) 15. h4 Nd7 ({Better is} 15... b5 $11) 16. Be1 (16. f4 $5 ) 16... Nb6 17. e4 Rd8 18. e5 Nc4 {The position is equal.} 19. Bxc4 dxc4 20. Qxc4 {[%emt 0:00:30] [#] d5 is the strong threat.} b5 {Weighted Error Value: White=0.17 (very precise) /Black=0.15 (very precise)} 1/2-1/2

[Event "Paracin Open 2022"]
[Site "Paracin"]
[Date "2022.07.09"]
[Round "3.17"]
[White "Arjun Kalyan"]
[Black "Milosevic, Milos"]
[Result "1-0"]
[ECO "B52"]
[WhiteElo "2499"]
[BlackElo "2288"]
[Annotator "TA"]
[PlyCount "57"]
[EventDate "2022.07.08"]
[EventCountry "SRB"]
[SourceTitle "playchess.com"]
[Source "ChessBase"]
[SourceQuality "1"]
[TimeControl "5400+30"]

1. e4 c5 2. Nf3 d6 3. Bb5+ Bd7 4. c4 Nf6 5. Nc3 g6 6. Bxd7+ {[%emt 0:01:14] B52: Sicilian: Moscow Variation with 3...Bd7.} Qxd7 7. d4 cxd4 8. Qxd4 {[%emt 0:00:26] White has an edge.} Bg7 9. Bg5 Nc6 10. Qd2 O-O 11. O-O {[%emt 0:00:08] [#]} Rfc8 $146 ({Predecessor:} 11... Rac8 12. b3 a6 13. Bh6 b5 14. Bxg7 Kxg7 15. cxb5 axb5 16. e5 dxe5 17. Qxd7 Nxd7 18. Nxb5 {0-1 (37) Najdin,D (2285)-Bok,B (2624) Chess.com INT 2021}) 12. b3 a6 13. Rad1 Qd8 14. Bxf6 Bxf6 15. Nd5 Bg7 16. Qe3 Qa5 {[%emt 0:06:25] Inhibits c5.} (16... Rab8 $11) 17. b4 {[%emt 0:08:32] White is more active.} Qxa2 {[%emt 0:00:07] [#] Black cannot hold the game after this.} (17... Qd8 $16) 18. b5 $1 $18 {[%emt 0:03:44][%mdl 64] Deflection} Na5 (18... axb5 {was necessary.} 19. cxb5 Ra7) 19. Nxe7+ {[%emt 0:01:18][%mdl 64] Discovered Attack, Double Attack. Pair of Knights!} Kf8 20. Nxc8 Nxc4 {[%emt 0:00:03] [#]} (20... Rxc8 $142 21. Qb6 axb5 22. Qxd6+ Kg8 23. cxb5 Qc4) 21. Qf4 $1 Rxc8 22. Ng5 Ne5 23. Rxd6 Ke7 {[%emt 0:02:19] Against Ne6} (23... Kg8 24. bxa6 bxa6) 24. Rd5 {[%emt 0:02:40] White is clearly winning.} f6 25. Nf3 Nf7 26. Rfd1 Qe2 27. e5 {[%emt 0:01:32] Hoping for exf6+.} Rc2 28. exf6+ Bxf6 29. Re1 {[%emt 0:00:28] Weighted Error Value: White=0.38/Black=0.62} 1-0

[Event "Paracin Open 2022"]
[Site "Paracin"]
[Date "2022.07.09"]
[Round "3.18"]
[White "Ristic, Nenad"]
[Black "Song, Raymond"]
[Result "1/2-1/2"]
[ECO "B52"]
[WhiteElo "2293"]
[BlackElo "2499"]
[Annotator "TA"]
[PlyCount "25"]
[EventDate "2022.07.08"]
[EventCountry "SRB"]
[SourceTitle "playchess.com"]
[Source "ChessBase"]
[SourceQuality "1"]
[TimeControl "5400+30"]

1. e4 c5 2. Nf3 d6 3. Bb5+ Bd7 4. Bxd7+ Nxd7 5. O-O Ngf6 6. Re1 e6 7. c3 Be7 8. d4 O-O $1 {[%emt 0:00:06][%mdl 4] is now more promising than 8...cxd4.} 9. e5 Ne8 {[%emt 0:01:53] B52: Sicilian: Moscow Variation with 3...Bd7.} 10. exd6 Nxd6 11. d5 exd5 12. Qxd5 {[%emt 1:13:55] [#]} Nf6 $146 ({Predecessor:} 12... b6 13. Bg5 Bxg5 14. Qxd6 Bf6 15. Kf1 Re8 16. Na3 Ne5 17. Qxd8 Raxd8 18. Nxe5 Rxe5 {½-½ (64) Grischuk,A (2777)-Bjerre,J (2549) Chess.com INT 2020}) 13. Qb3 {[%emt 0:00:00] Black got outplayed after the opening.  Weighted Error Value: White=0.01 (flawless) /Black=0.12 (very precise)} 1/2-1/2

[Event "Paracin Open 2022"]
[Site "Paracin"]
[Date "2022.07.09"]
[Round "3.19"]
[White "Nitish Belurkar"]
[Black "Zemlyanskii, Ivan"]
[Result "1/2-1/2"]
[ECO "B92"]
[WhiteElo "2460"]
[BlackElo "2269"]
[Annotator "RC"]
[PlyCount "80"]
[EventDate "2022.07.08"]
[EventCountry "SRB"]
[SourceTitle "playchess.com"]
[Source "ChessBase"]
[SourceQuality "1"]
[TimeControl "5400+30"]

1. e4 c5 2. Nf3 d6 3. d4 Nf6 4. Nc3 cxd4 5. Nxd4 a6 6. Be2 e5 7. Nb3 Be7 8. O-O O-O 9. Re1 Be6 10. Bf3 Nbd7 11. a4 b6 12. Be3 Qc7 13. Nc1 Rfc8 14. h3 Qb7 15. Nd3 Rc4 16. Nc1 Rac8 17. Nb3 h6 18. Re2 Nf8 19. Rd2 Ng6 20. Nd5 Nxd5 21. exd5 Bd7 22. a5 b5 23. Be2 Ra4 24. c3 Rxa1 25. Qxa1 f5 26. f3 f4 27. Bf2 Nh4 28. Nc1 Nf5 29. Na2 Ne3 30. Nb4 Nc4 31. Bxc4 Rxc4 32. Bb6 Bf6 33. Qb1 Qc8 34. Re2 Bf5 35. Qe1 Bd7 36. Re4 Rxe4 37. Qxe4 Bf5 38. Qe2 Bd7 39. Qe4 Bf5 40. Qe2 Bd7 1/2-1/2

[Event "Paracin Open 2022"]
[Site "Paracin"]
[Date "2022.07.09"]
[Round "3.20"]
[White "Tsaknakis, Zisis"]
[Black "Zajic, Milan"]
[Result "1/2-1/2"]
[ECO "B33"]
[WhiteElo "2266"]
[BlackElo "2431"]
[Annotator "RC"]
[PlyCount "80"]
[EventDate "2022.07.08"]
[EventCountry "SRB"]
[SourceTitle "playchess.com"]
[Source "ChessBase"]
[SourceQuality "1"]
[TimeControl "5400+30"]

1. e4 c5 2. Nf3 Nc6 3. d4 cxd4 4. Nxd4 Nf6 5. Nc3 e5 6. Ndb5 d6 7. Bg5 a6 8. Na3 b5 9. Nd5 Be7 10. Bxf6 Bxf6 11. c3 Rb8 12. Nc2 Bg5 13. Be2 O-O 14. O-O g6 15. b4 Ne7 16. Nce3 Be6 17. a4 Bxe3 18. Nxe3 Qc7 19. axb5 axb5 20. Qd3 Rfd8 21. Ra5 Bd7 22. Rc1 Bc6 23. Bf3 Rb7 24. h4 h5 25. Rd1 Kg7 26. Qd2 Ng8 27. c4 bxc4 28. Nxc4 Rbb8 29. Nxd6 Qe7 30. Ra3 Bb5 31. Ra5 Bc4 32. Qc3 Rxd6 33. Rxd6 Qxd6 34. Qxc4 Rxb4 35. Qc5 Rb1+ 36. Kh2 Qxc5 37. Rxc5 Rb2 38. Kg3 Kf6 39. Rc6+ Kg7 40. Rc5 Kf6 1/2-1/2